 Dungeon Crawl Stone Soup version 0.31.0 (webtiles) character file.

Game seed: 8145201876456857509

26147 ces the Severer (level 12, 0/113 HPs)
             Began as a Minotaur Fighter on Jan 20, 2024.
             Was an Initiate of Gozag.
             Slain by a skeletal warrior
             ... wielding a +1 vampiric trident
              (21 damage)
             ... on level 11 of the Dungeon.
             The game lasted 00:32:57 (17165 turns).

ces the Severer (Minotaur Fighter)                 Turns: 17165, Time: 00:32:57

Health: 0/113      AC: 12    Str: 25    XL:     12   Next: 95%
Magic:  11/11      EV: 18    Int:  5    God:    Gozag
Gold:   2184       SH:  0    Dex: 13    Spells: 11/11 levels left

rFire   + + .        a - +7 war axe of Cizxoc {freeze, rC+ Str+2}
rCold   + . .        s - orb {mayhem}
rNeg    . . .        C - +2 scale mail {rPois}
rPois   +            (helmet restricted)
rElec   .            q - scarf {shadows}
rCorr   .            (no gloves)
SInv    .            (no boots)
Will    .....        (no amulet) Stlth
                     d - +5 ring of evasion
HPRegen 0.38/turn    p - ring of protection from fire
MPRegen 0.12/turn

%: mayhem
@: no status effects
A: horns 2, retaliatory headbutt, iridescent scales 1, fire resistance 1
a: Renounce Religion, Potion Petition, Call Merchant, Bribe Branch


You were on level 11 of the Dungeon.
You worshipped Gozag.
Gozag was most pleased with you.
You visited 3 branches of the dungeon, and saw 14 of its levels.

You collected 2997 gold pieces.
You spent 654 gold pieces at shops.
You paid 159 gold pieces to Gozag.

Inventory:

Hand Weapons
 a - the +7 war axe of Cizxoc (weapon) {freeze, rC+ Str+2}
   (You bought it in a shop on level 9 of the Dungeon)

   Str+2:     It affects your strength (+2).
   rC+:       It protects you from cold.
 n - a +0 spectral broad axe
Armour
 c - a +0 buckler
 q - a scarf of shadows (worn)
 s - an orb of mayhem (worn)
 C - a +2 scale mail of poison resistance (worn)
Jewellery
 d - a +5 ring of evasion (left hand)
 e - the ring of Fih Uzosu {Fly Str+2}
   (You took it off a kobold brigand on level 9 of the Dungeon)

   [ring of flight]

   Str+2:     It affects your strength (+2).
   Fly:       It grants you flight.
 p - a ring of protection from fire (right hand)
 x - a ring of protection from cold
Wands
 b - a wand of mindburst (5)
 f - a wand of flame (56)
 k - a wand of acid (12)
 r - a wand of roots (10)
 u - a wand of charming (6)
Scrolls
 h - a scroll of torment
 i - 3 scrolls of vulnerability
 j - a scroll of brand weapon
 l - a scroll of revelation
 t - a scroll of identify
 w - 3 scrolls of teleportation
Potions
 g - a potion of haste {unknown}
 m - a potion of brilliance
 o - 2 potions of lignification


   Skills:
 + Level 12.6 Fighting
 + Level 18.3 Axes
 + Level 10.0 Armour
 + Level 7.5 Dodging
 - Level 8.0 Shields


You had 11 spell levels left.
You didn't know any spells.
Your spell library contained the following spells:

 Spells                   Type           Power      Damage    Failure   Level
 Apportation              Tloc           0%         N/A       73%         1
 Necrotise                Necr           0%         1d4       73%         1
 Sting                    Conj/Alch      0%         1d3       73%         1
 Summon Small Mammal      Summ           0%         N/A       73%         1
 Call Imp                 Summ           0%         N/A       86%         2
 Ensorcelled Hibernation  Hex/Ice        0%         N/A       86%         2
 Jinxbite                 Hex            0%         N/A       86%         2
 Lesser Beckoning         Tloc           0%         N/A       86%         2
 Sublimation of Blood     Necr           0%         N/A       86%         2
 Fugue of the Fallen      Necr           0%         N/A       97%         3
 Gell's Gravitas          Tloc           0%         N/A       97%         3
 Hailstorm                Conj/Ice       0%         3d5       97%         3
 Ozocubu's Armour         Ice            0%         N/A       97%         3
 Summon Ice Beast         Ice/Summ       0%         N/A       97%         3
 Teleport Other           Tloc           0%         N/A       97%         3
 Anguish                  Hex/Necr       0%         N/A       100%        4
 Ignite Poison            Fire/Alch      0%         N/A       100%        4
 Manifold Assault         Tloc           0%         N/A       100%        4
 Sticky Flame             Fire/Alch      0%         2d4       100%        4
 Metabolic Englaciation   Hex/Ice        0%         N/A       100%        5
 Yara's Violent Unravell  Hex/Alch       0%         3d3       100%        5
 Dispersal                Tloc           0%         N/A       100%        6
 Sculpt Simulacrum        Ice/Alch       0%         N/A       100%        6
 Enfeeble                 Hex            0%         N/A       100%        7
 Summon Hydra             Summ           0%         N/A       100%        7
 Disjunction              Tloc           0%         N/A       100%        8
 Ignition                 Fire           0%         3d3       100%        8


Dungeon Overview and Level Annotations

Branches:
Dungeon (11/15)            Temple (1/1) D:7            Lair (2/5) D:8
  Snake (0/4) Lair:2          Orc (0/2) D:9
  Swamp: Lair:2-3    Shoals: Lair:2-3

Altars:
Ashenzari
Cheibriados
Dithmenos
Elyvilon
Fedhas
Gozag
Hepliaklqana
Kikubaaqudgha
Makhleb
Nemelex Xobeh
Okawaru
Qazlal
Ru
Sif Muna
Trog
Uskayaw
Vehumet
Wu Jian
Xom
Yredelemnul
Zin
The Shining One

Shops:
D:5 *   D:6 :   D:7 :   D:9 (

Annotations:
D:3 Sigmund
D:4 2 transporters, ssalbiz's ghost, amateur MiBe
D:8 3 runed translucent doors, NebNova's ghost, novice HOFi; booth's ghost, novice MiFi
Lair:1 exclusion: oklob plant


Innate Abilities, Weirdness & Mutations

You have a pair of horns on your head.
You reflexively headbutt those who attack you in melee.
You are partially covered in iridescent scales. (AC +2)
Your flesh is heat resistant. (rF+)


Message History

You slice the skeletal warrior!! You freeze the skeletal warrior.
You destroy the skeletal warrior!
You slash the kobold! You freeze the kobold.
You kill the kobold!
The skeletal warrior hits you but does no damage.
The skeletal warrior hits you with a +1 vampiric trident!
Things that are here:
3 gold pieces; a +0 short sword You are too injured to fight recklessly!
You are too injured to fight recklessly!
You are too injured to fight recklessly!
You are too injured to fight recklessly!
The skeletal warrior hits you from afar with a +1 vampiric trident!
Aiming: Throw Flame
Press: ? - help, Shift-Dir - straight line, f - skeletal warrior
Aim: a skeletal warrior, wielding a +1 vampiric trident (68% to hit)
The puff of flame misses the skeletal warrior.
The skeletal warrior hits you from afar with a +1 vampiric trident!!
* * * LOW HITPOINT WARNING * * *
A skeletal warrior comes into view. It is wielding a +0 halberd.
The skeletal warrior misses you. You furiously retaliate!
You headbutt the skeletal warrior!
Things that are here:
3 gold pieces; a +0 short sword You are too injured to fight recklessly!
You are too injured to fight recklessly!
You are too injured to fight recklessly!
You are too injured to fight recklessly!
You hit the skeletal warrior. You freeze the skeletal warrior.
The skeletal warrior is moderately damaged.
You closely miss the skeletal warrior. You headbutt the skeletal warrior!
The skeletal warrior is heavily damaged.
A kobold comes into view.
It is wielding a +0 whip and quivering poisoned darts.
The skeletal warrior hits you with a +1 vampiric trident.
* * * LOW HITPOINT WARNING * * *
You slash the skeletal warrior! You headbutt the skeletal warrior!
The skeletal warrior is almost destroyed.
The skeletal warrior hits you with a +1 vampiric trident!!
You die...
Your body crumbles into a pile of gold.

###....)....)..).......#
..########.............#
### #.............#
#.............#
#.............#
#.............#
###.########### #...####
###..@$# ####z#


KK# # zK# ## ..# .## ..# ..# ..# [.# #.# You could see 2 skeletal warriors, a
kobold brigand and 2 kobolds.

Vanquished Creatures
  2 two-headed ogres
  A boulder beetle (D:11)
  Nergalle (D:10)
  2 skeletal warriors (D:11)
  3 deep elf pyromancers (D:11)
  A cyclops (D:11)
  Maurice (D:11)
  2 black mambas
  A gargoyle (D:10)
  5 cane toads
  3 kobold demonologists (D:11)
  Jeremiah (D:9)
  An unseen horror (D:10)
  2 rime drakes (Lair:2)
  2 trolls
  A hornet (D:9)
  Prince Ribbit (D:5)
  2 glass eyes (D:9)
  2 wraiths
  37 yaks
  3 wyverns
  3 steam dragons
  2 vampire mosquitoes (D:10)
  A naga (Lair:2)
  An acid dragon (D:9)
  6 water moccasins
  A sky beast (D:7)
  4 black bears
  8 orc warriors
  3 ice beasts
  3 ogres
  3 centaurs (D:9)
  A phantom (D:4)
  16 kobold brigands
  6 bullfrogs
  A gnoll sergeant (D:9)
  4 scorpions
  6 wights
  30 killer bees
  4 howler monkeys
  A bombardier beetle (D:5)
  An electric eel (Lair:1)
  A gnoll bouda (D:8)
  3 orc priests
  6 hounds
  Jessica (D:2)
  2 sleepcaps
  Ijyb (D:3)
  3 iguanas
  Natasha (twice) (D:2)
  12 orc wizards
  Robin (D:2)
  15 gnolls
  8 adders
  3 white imps
  2 ribbon worms
  2 dart slugs
  50 orcs
  8 ball pythons
  4 bats
  6 endoplasms
  A giant cockroach (D:2)
  14 goblins
  10 hobgoblins
  6 jackals
  14 kobolds
  6 quokkas
  4 frilled lizards
  4 rats
  A spectral goblin (D:8)
369 creatures vanquished.

Vanquished Creatures (collateral kills)
  A kobold demonologist (D:11)
  4 yaks
  An orc warrior (D:11)
  2 kobold brigands (D:11)
  A gnoll sergeant (D:9)
  11 orcs (D:11)
  2 kobolds (D:11)
22 creatures vanquished.

Vanquished Creatures (others)
  A kobold brigand (D:11)
  2 killer bees (D:9)
  An orc priest (D:11)
  An orc (D:11)
  A kobold (D:11)
6 creatures vanquished.

Grand Total: 397 creatures vanquished

Notes
Turn   | Place    | Note
-------+----------+-------------------------------------------
     0 | D:1      | ces the Minotaur Fighter began the quest for the Orb.
     0 | D:1      | Reached XP level 1. HP: 19/19 MP: 0/0
    48 | D:1      | Reached skill level 3 in Axes
    50 | D:1      | Reached XP level 2. HP: 24/26 MP: 1/1
   154 | D:1      | Reached skill level 4 in Axes
   621 | D:2      | Reached XP level 3. HP: 31/31 MP: 2/2
   702 | D:2      | Noticed Jessica
   706 | D:2      | Noticed Robin
   707 | D:2      | Killed Jessica
   708 | D:2      | Reached skill level 5 in Axes
   713 | D:2      | Reached XP level 4. HP: 32/39 MP: 3/3
   723 | D:2      | Found a faded altar of an unknown god.
   724 | D:2      | Killed Robin
  1433 | D:3      | Reached skill level 6 in Axes
  1579 | D:3      | Noticed Sigmund
  1586 | D:3      | Noticed Natasha
  1602 | D:2      | Killed Natasha
  1603 | D:2      | Reached XP level 5. HP: 45/45 MP: 4/4
  1645 | D:2      | Noticed Natasha
  1651 | D:2      | Killed Natasha
  1732 | D:3      | Reached skill level 7 in Axes
  2177 | D:3      | Found a white marble altar of Elyvilon.
  2320 | D:3      | Found a sparkling altar of Nemelex Xobeh.
  2359 | D:3      | Noticed Ijyb
  2372 | D:3      | Killed Ijyb
  2373 | D:3      | Reached XP level 6. HP: 42/51 MP: 5/5
  2525 | D:3      | Reached skill level 8 in Axes
  2789 | D:4      | Reached XP level 7. HP: 48/58 MP: 6/6
  2812 | D:4      | Reached skill level 1 in Dodging
  2841 | D:4      | Found a transporter.
  2841 | D:4      | Noticed ssalbiz's ghost (amateur MiBe)
  2861 | D:4      | Reached skill level 9 in Axes
  3550 | D:5      | Entered Level 5 of the Dungeon
  3573 | D:5      | Found Zin's Purification Station.
  3573 | D:5      | Found a glowing silver altar of Zin.
  3875 | D:4      | Reached XP level 8. HP: 44/67 MP: 7/7
  3877 | D:4      | Reached skill level 5 in Armour
  3877 | D:4      | Reached skill level 5 in Shields
  4168 | D:4      | Found a transporter.
  4619 | D:4      | Reached skill level 5 in Fighting
  5288 | D:5      | Found a shadowy altar of Dithmenos.
  5488 | D:5      | Noticed Prince Ribbit
  6024 | D:6      | Reached skill level 10 in Axes
  6040 | D:6      | Found the +1 Delatra's gloves {ID++}
  6152 | D:6      | Found Oneffan's Book Shoppe.
  6301 | D:7      | Reached XP level 9. HP: 63/75 MP: 8/8
  6380 | D:7      | Found an opulent altar of Gozag.
  6415 | D:7      | Became a worshipper of Gozag Ym Sagoz the Greedy
  6458 | D:7      | Found Xeaproxt's Self-Published Books.
  6501 | D:7      | Reached skill level 11 in Axes
  7059 | D:7      | Reached skill level 12 in Axes
  7218 | D:7      | Found a staircase to the Ecumenical Temple.
  7252 | Temple   | Entered the Ecumenical Temple
  7358 | D:5      | Killed Prince Ribbit
  8386 | D:8      | Found a runed translucent gate.
  8387 | D:8      | Found a runed translucent gate.
  8388 | D:8      | Found a runed translucent gate.
  8408 | D:8      | Found a shimmering altar of Xom.
  8477 | D:8      | Reached skill level 13 in Axes
  8697 | D:8      | Found a staircase to the Lair.
  9000 | D:8      | Noticed a two-headed ogre
  9021 | D:8      | Killed a two-headed ogre
  9022 | D:8      | Reached skill level 14 in Axes
  9022 | D:8      | Reached XP level 10. HP: 56/83 MP: 9/9
  9231 | D:8      | Noticed booth's ghost (novice MiFi)
  9231 | D:8      | Noticed NebNova's ghost (novice HOFi)
  9436 | D:8      | Found a hazy altar of Hepliaklqana.
  9639 | D:9      | Found Janoboa's Weapon Boutique.
  9642 | D:9      | Bought the +7 war axe of Cizxoc {freeze, rC+ Str+2} for 654
                  | gold pieces
  9792 | D:9      | Reached skill level 15 in Axes
 10316 | D:9      | Found a blossoming altar of Fedhas.
 10344 | D:9      | Noticed Jeremiah
 10348 | D:9      | Killed Jeremiah
 10706 | D:9      | Noticed a two-headed ogre
 10822 | D:9      | Killed a two-headed ogre
 11047 | D:9      | Reached skill level 5 in Dodging
 11159 | D:9      | Reached XP level 11. HP: 63/91 MP: 10/10
 11241 | Lair:1   | Entered Level 1 of the Lair of Beasts
 11253 | Lair:1   | Noticed an oklob plant
 11670 | Lair:1   | Gained mutation: You are partially covered in iridescent
                  | scales. (AC +2) [potion of mutation]
 11670 | Lair:1   | Gained mutation: Your flesh is heat resistant. (rF+)
                  | [potion of mutation]
 11750 | Lair:1   | Identified the +1 dagger "Fidoraad" {venom, Str+7 Int-3}
 11775 | Lair:1   | Reached skill level 16 in Axes
 13390 | Lair:2   | Noticed a seven-headed hydra
 13394 | Lair:2   | Reached skill level 10 in Fighting
 13407 | Lair:2   | Found a staircase to the Snake Pit.
 13580 | Lair:2   | Noticed a skyshark
 13586 | Lair:2   | HP: 3/100 [elephant (10)]
 13621 | Lair:2   | Reached skill level 17 in Axes
 14319 | D:9      | Identified the ring of Fih Uzosu {Fly Str+2}
 14624 | D:9      | Found a staircase to the Orcish Mines.
 14692 | D:9      | Found an ancient bone altar of Kikubaaqudgha.
 14775 | D:9      | Reached XP level 12. HP: 103/110 MP: 11/11
 15144 | D:10     | Entered Level 10 of the Dungeon
 15536 | D:10     | Noticed Nergalle
 15542 | D:10     | Killed Nergalle
 15687 | D:10     | Found an iron altar of Okawaru.
 15815 | D:10     | Found an ornate altar of the Wu Jian Council.
 16359 | D:11     | Reached skill level 18 in Axes
 16491 | D:11     | Noticed Maurice
 16494 | D:11     | Killed Maurice
 16726 | D:11     | Noticed a boulder beetle
 16734 | D:11     | Killed a boulder beetle
 17148 | D:11     | Reached skill level 10 in Armour
 17165 | D:11     | Slain by a skeletal warrior

Illustrated notes

Levels and vault maps discovered:
D:1:      scummos_arrival_checkerplants, layout_basic
D:2:      layout_basic, shapermc_ecumenical_altar_starsandcircs, serial_forest,
          infiniplex_forest_clump_curved, infiniplex_forest_straight_3,
          infiniplex_forest_3_way, infiniplex_forest_clump_tiny,
          infiniplex_forest_straight_1, infiniplex_forest_end_1,
          infiniplex_forest_lined_1, infiniplex_forest_end_3,
          infiniplex_forest_lined_3, uniq_robin, uniq_jessica
D:3:      layout_loops_corners, nemelex_spade_bored_becter, marbit_many_paths,
          uniq_ijyb, uniq_natasha, uniq_sigmund
D:4:      layout_basic, gammafunk_ghost_mausoleum, roderic_lattice_a,
          eino_tiny_chamber
D:5:      wander_river, layout_gridville, zin_purify, grunt_dithmenos_smoke,
          uniq_prince_ribbit1
D:6:      layout_rooms, serial_shops, nicolae_shop_behind_doors,
          pf_guarded_unrand_delatra
D:7:      layout_layer_cave, nicolae_gozag_seed_capital,
          minmay_temple_entry_gardened_gates, nicolae_custom_books
D:8:      layout_basic, nicolae_hepliaklqana_monster_ancestors,
          lemuel_doored_altar, lair_entry_dummy, gammafunk_ghost_cemetery
D:9:      layout_roguey, mainiacjoe_overflow_surrounded_room,
          mainiacjoe_overflow_tiny_flanked,
          kennysheep_orc_monster_closet_entryway, serial_shops,
          nicolae_shop_window_shopping, onia_ninara_cookie, uniq_jeremiah
D:10:     layout_irregular_city, general_overflow_altar,
          nzn_wu_jian_council_hall, serial_glass, glass_columns_b,
          glass_columns_a, glass_columns_a, glass_columns_a, glass_columns_a,
          glass_columns_c, uniq_nergalle
D:11:     layout_roguey [special_room_orc], special_room [special_room_kobold],
          serial_library_hellmonk_octagon, uniq_maurice
Temple:   bh_familiar_temple
Lair:1:   layout_gridlike, minmay_lair_oklob_bushes, lemuel_fruit_tree
Lair:2:   layout_long_grid, guppyfry_snake_entry_garden, ldierk_geyser

Skill      XL: |  1  2  3  4  5  6  7  8  9 10 11 12 |
---------------+-------------------------------------+-----
Axes           | 3 4 5 6 7 8 9 10 14 15 17 18 | 18.3
Armour         | 4 6 8 10 | 10.0
Dodging        | 2 4 5 7 |  7.5
Shields        | 4 6 8 |  8.0
Fighting       | 4 6 11 12 | 12.6

Action                     |  1- 3 |  4- 6 |  7- 9 | 10-12 || total
---------------------------+-------+-------+-------+-------++-------
  Melee: War axe           |    60 |   118 |       |   435 ||   613
         Headbutt          |     4 |    20 |    57 |    82 ||   163
         Broad axe         |       |    16 |   264 |     6 ||   286
  Evoke: Wand              |       |       |     4 |    13 ||    17
    Use: Potion            |       |     4 |     4 |     7 ||    15
         Scroll            |       |     4 |     7 |    16 ||    27
   Stab: Distracted        |       |       |     2 |     4 ||     6
 Armour: Scale mail        |    47 |   104 |   229 |   249 ||   629
         Skin              |       |       |       |     2 ||     2
  Dodge: Dodged            |    30 |    65 |   134 |   278 ||   507
  Block: Buckler           |    19 |    31 |    69 |    61 ||   180
